 Dungeon Crawl Stone Soup version 0.22.0-49-gab54619674 (webtiles) character file.

369 JedernureinKreuz the Conjurer (level 6, -5/44 HPs)
             Began as a Gnoll Conjurer on Sept 8, 2018.
             Killed by divine providence
             ... invoked by an orc priest
              (12 damage)
             ... on level 4 of the Dungeon.
             The game lasted 00:16:04 (2201 turns).

JedernureinKreuz the Conjurer (Gnoll Conjurer)      Turns: 2201, Time: 00:16:05

Health: -5/44      AC:  3    Str: 10    XL:     6   Next: 70%
Magic:  9/14       EV: 14    Int: 19    God:
Gold:   116        SH:  0    Dex: 16    Spells: 7/15 levels left

rFire    . . .     SeeInvis .   p - +1 short sword (speed)
rCold    . . .     Gourm    .   (no shield)
rNeg     . . .     Faith    .   r - +0 leather armour
rPois    .         Spirit   .   (no helmet)
rElec    .         Reflect  .   (no cloak)
rCorr    .         Harm     +   (no gloves)
MR       .....                  (no boots)
Stlth    +++.......             d - amulet of harm
HPRegen  0.14/turn              (no ring)
MPRegen  0.14/turn              (no ring)

@: no status effects
A: distributed training, fangs 1, strong nose
a: no special abilities


You were on level 4 of the Dungeon.
You were not hungry.

You visited 1 branch of the dungeon, and saw 4 of its levels.

You collected 116 gold pieces.

Inventory:

Hand Weapons
 b - a +0 short sword
 g - a +0 hunting sling
 p - a +1 short sword of speed (weapon)
 w - a +0 scythe
 x - a +4 flail
Missiles
 i - 153 stones (quivered)
 j - 24 bolts
 l - 36 arrows
 y - 46 sling bullets
Armour
 a - a +0 robe
 r - a +0 leather armour (worn)
Jewellery
 d - an amulet of harm (around neck)
Scrolls
 e - 3 scrolls of remove curse {unknown}
 f - a scroll of immolation {unknown}
 k - 4 scrolls of teleportation {unknown}
 n - 5 scrolls of identify {unknown}
 s - a scroll of enchant weapon {unknown}
 u - a scroll of random uselessness {unknown}
Potions
 h - a potion of invisibility {unknown}
 m - 2 potions of mutation {unknown}
 o - 2 potions of magic {unknown}
 q - a potion of ambrosia {unknown}
 t - a potion of degeneration {unknown}
 v - a potion of might {unknown}
Comestibles
 c - 6 rations


   Skills:
 + Level 2.0 Fighting
 + Level 2.0 Short Blades
 + Level 2.0 Long Blades
 + Level 2.0 Axes
 + Level 2.0 Maces & Flails
 + Level 2.0 Polearms
 + Level 2.0 Staves
 + Level 2.0 Slings
 + Level 2.0 Bows
 + Level 2.0 Crossbows
 + Level 2.0 Throwing
 + Level 2.0 Armour
 + Level 5.0 Dodging
 + Level 4.6 Stealth
 + Level 2.0 Shields
 + Level 2.0 Unarmed Combat
 + Level 5.4 Spellcasting
 + Level 7.3 Conjurations
 + Level 1.6 Hexes
 + Level 1.6 Charms
 + Level 1.6 Summonings
 + Level 1.6 Necromancy
 + Level 1.6 Translocations
 + Level 1.6 Transmutations
 + Level 1.6 Fire Magic
 + Level 1.6 Ice Magic
 + Level 1.6 Air Magic
 + Level 1.6 Earth Magic
 + Level 1.6 Poison Magic
 + Level 2.2 Invocations
 + Level 2.0 Evocations


You had 7 spell levels left.
You knew the following spells:

 Your Spells              Type           Power        Failure   Level  Hunger
a - Magic Dart            Conj           ####         1%          1    None
b - Iskenderun's Mystic   Conj           ####....     8%          4    ####...
c - Dazzling Spray        Conj/Hex       ###...       8%          3    ##.....

Your spell library contained the following spells:

 Spells                   Type           Power        Failure   Level  Hunger
 Searing Ray              Conj           ####..       1%          2    None
 Force Lance              Conj/Tloc      ###.....     24%         4    ####...
 Fulminant Prism          Conj/Hex       ###.......   24%         4    ####...


Dungeon Overview and Level Annotations

Branches:
Dungeon (4/15)
 Temple: D:4-7

Altars:
Ru


Innate Abilities, Weirdness & Mutations

Your experience applies equally to all skills.
You have very sharp teeth.
Your uncanny sense of smell can sniff out nearby items.


Message History

A leopard gecko comes into view.
Casting: Magic Dart (safe; 1% risk of failure)
Confirm with . or Enter, or press ? or * to list all spells.
Aiming: Magic Dart (safe; 1% risk of failure)
Press: ? - help, Shift-Dir - straight line, f/p - orc priest
Aim: an orc priest, wielding a whip and wearing a scale mail (severely wounded)
The magic dart hits the orc priest.
The orc priest is severely wounded.
The leopard gecko hisses angrily.
The orc hits you with a dagger. The orc priest closely misses you.
The orc priest begins to cast a cantrip, but forgets the words!
There is a stone staircase leading up here.
You hit the orc.
You kill the orc!
The orc priest mumbles some strange prayers to Beogh against you.
Beogh smites you!
* * * LOW HITPOINT WARNING * * *
The orc priest calls down the wrath of Beogh upon you.
Beogh smites you!
You die...

.# .# l# .# .#
##########.#####.
.................
######o.........
#.@.<....#####.
#.###o#### #. #.#
#. #.# #. #.# ##
#.# #.# #.#


You could see an orc priest and an orc.

Vanquished Creatures
  Sigmund (D:3)
  A centaur skeleton (D:3)
  An orc priest (D:3)
  A worker ant (D:3)
  3 adders
  2 oozes (D:3)
  2 dart slugs
  2 worms
  2 leopard geckos (D:1)
  6 orcs
  2 giant cockroaches
  11 goblins
  4 hobgoblins
  4 jackals (D:2)
  9 kobolds
  A quokka (D:3)
  8 bats
  10 frilled lizards
  9 rats
79 creatures vanquished.

Notes
Turn   | Place    | Note
-------+----------+-------------------------------------------
     0 | D:1      | JedernureinKreuz the Gnoll Conjurer began the quest for the
                  | Orb.
     0 | D:1      | Reached XP level 1. HP: 13/13 MP: 6/6
    82 | D:1      | Reached XP level 2. HP: 19/19 MP: 3/7
   532 | D:2      | Reached skill level 5 in Spellcasting
   532 | D:2      | Reached XP level 3. HP: 25/25 MP: 5/9
   672 | D:2      | Reached skill level 1 in Invocations
  1214 | D:2      | Reached skill level 1 in Fighting
  1214 | D:2      | Reached skill level 1 in Short Blades
  1214 | D:2      | Reached skill level 1 in Long Blades
  1214 | D:2      | Reached skill level 1 in Axes
  1214 | D:2      | Reached skill level 1 in Maces & Flails
  1214 | D:2      | Reached skill level 1 in Polearms
  1214 | D:2      | Reached skill level 1 in Staves
  1214 | D:2      | Reached skill level 1 in Slings
  1214 | D:2      | Reached skill level 1 in Bows
  1214 | D:2      | Reached skill level 1 in Crossbows
  1214 | D:2      | Reached skill level 1 in Throwing
  1214 | D:2      | Reached skill level 1 in Armour
  1214 | D:2      | Reached skill level 1 in Shields
  1214 | D:2      | Reached skill level 1 in Unarmed Combat
  1214 | D:2      | Reached skill level 1 in Evocations
  1214 | D:2      | Reached XP level 4. HP: 30/32 MP: 6/11
  1392 | D:3      | Reached skill level 1 in Hexes
  1392 | D:3      | Reached skill level 1 in Charms
  1392 | D:3      | Reached skill level 1 in Summonings
  1392 | D:3      | Reached skill level 1 in Necromancy
  1392 | D:3      | Reached skill level 1 in Translocations
  1392 | D:3      | Reached skill level 1 in Transmutations
  1392 | D:3      | Reached skill level 1 in Fire Magic
  1392 | D:3      | Reached skill level 1 in Ice Magic
  1392 | D:3      | Reached skill level 1 in Air Magic
  1392 | D:3      | Reached skill level 1 in Earth Magic
  1392 | D:3      | Reached skill level 1 in Poison Magic
  1536 | D:3      | Reached XP level 5. HP: 37/37 MP: 6/12
  1813 | D:3      | Found a sacrificial altar of Ru.
  1830 | D:3      | Learned a level 4 spell: Iskenderun's Mystic Blast
  2033 | D:3      | Noticed Sigmund
  2039 | D:3      | Learned a level 3 spell: Dazzling Spray
  2048 | D:3      | Killed Sigmund
  2048 | D:3      | Reached skill level 5 in Dodging
  2048 | D:3      | Reached XP level 6. HP: 44/44 MP: 7/14
  2201 | D:4      | Killed from afar by an orc priest

Skill      XL: |  1  2  3  4  5 |
---------------+----------------+-----
Spellcasting   | 5 |  5.4
Invocations    | 1 2 |  2.2
Fighting       | 1 2 |  2.0
Short Blades   | 1 2 |  2.0
Long Blades    | 1 2 |  2.0
Axes           | 1 2 |  2.0
Maces & Flails | 1 2 |  2.0
Polearms       | 1 2 |  2.0
Staves         | 1 2 |  2.0
Slings         | 1 2 |  2.0
Bows           | 1 2 |  2.0
Crossbows      | 1 2 |  2.0
Throwing       | 1 2 |  2.0
Armour         | 1 2 |  2.0
Shields        | 1 2 |  2.0
Unarmed Combat | 1 2 |  2.0
Evocations     | 1 2 |  2.0
Hexes          | 1 |  1.6
Charms         | 1 |  1.6
Summonings     | 1 |  1.6
Necromancy     | 1 |  1.6
Translocations | 1 |  1.6
Transmutations | 1 |  1.6
Fire Magic     | 1 |  1.6
Ice Magic      | 1 |  1.6
Air Magic      | 1 |  1.6
Earth Magic    | 1 |  1.6
Poison Magic   | 1 |  1.6
Dodging        | 5 |  5.0
Stealth        | |  4.6
Conjurations   | |  7.3

Action                   |  1- 3 |  4- 6 || total
-------------------------+-------+-------++-------
Melee: Short sword       |    32 |    30 ||    62
       Bite              |     2 |       ||     2
 Fire: Hunting sling     |       |     7 ||     7
 Cast: Magic Dart        |    38 |    73 ||   111
       Iskenderun's Myst |       |     2 ||     2
 Stab: Sleeping          |     9 |     6 ||    15
  Eat: Chunk             |       |     3 ||     3
       Ration            |       |     1 ||     1
Armor: Robe              |     4 |       ||     4
       Leather armour    |     2 |     6 ||     8
Dodge: Dodged            |    31 |    13 ||    44
